 Dungeon Crawl Stone Soup version 0.22-a0-271-gc000056 (webtiles) character file.

1264 RoseArtemis the Cleaver (level 8, -1/63 HPs)
             Began as a Minotaur Fighter on Mar 11, 2018.
             Was an Initiate of Hepliaklqana.
             Slain by an ogre
             ... wielding a +0 giant spiked club
              (29 damage)
             ... on level 5 of the Dungeon.
             The game lasted 00:09:56 (5361 turns).

RoseArtemis the Cleaver (Minotaur Fighter)          Turns: 5361, Time: 00:09:57

Health: -1/63      AC:  7    Str: 22    XL:     8   Next: 27%
Magic:  7/7        EV:  8    Int:  6    God:    Hepliaklqana [......]
Gold:   217        SH: 10    Dex: 10    Spells: 7/7 levels left

rFire    . . .     SeeInvis .   a - +0 war axe
rCold    . . .     Gourm    .   c - +0 shield
rNeg     . . .     Faith    .   b - +0 scale mail
rPois    .         Spirit   .   (helmet restricted)
rElec    .         Reflect  .   (no cloak)
rCorr    .         Harm     .   (no gloves)
MR       .....                  (no boots)
Stlth    ..........             y - amulet of the acrobat
HPRegen  0.20/turn              (no ring)
MPRegen  0.10/turn              (no ring)

@: no status effects
A: retaliatory headbutt, reduced essence, horns 2
a: Recall Ancestor, Ancestor Identity, Renounce Religion


You were on level 5 of the Dungeon.
You worshipped Hepliaklqana.
Hepliaklqana was noncommittal.
You were not hungry.

You visited 1 branch of the dungeon, and saw 5 of its levels.
You also visited: Sewer.

You collected 217 gold pieces.

Inventory:

Hand Weapons
 a - a +0 war axe (weapon)
Missiles
 l - a throwing net (quivered)
Armour
 b - a +0 scale mail (worn)
 c - a +0 shield (worn)
Jewellery
 k - a cursed ring of teleportation {unknown}
 o - an uncursed ring of protection from magic {unknown}
 y - an amulet of the acrobat (around neck)
 z - a +4 ring of dexterity {unknown}
Wands
 i - a wand of digging (9)
Scrolls
 e - 4 scrolls of remove curse
 h - a scroll of teleportation
 n - 2 scrolls of fear {unknown}
 p - a scroll of amnesia
 r - a scroll of random uselessness {unknown}
 t - a scroll of blinking {unknown}
 v - 2 scrolls of immolation {unknown}
Potions
 d - a potion of might
 g - 2 potions of invisibility {unknown}
 j - a potion of flight
 m - a potion of heal wounds {unknown}
 q - a potion of berserk rage {unknown}
 s - a potion of brilliance
 w - a potion of lignification {unknown}
 x - 3 potions of ambrosia {unknown}
Comestibles
 f - 8 rations


   Skills:
 + Level 6.4 Fighting
 * Level 8.0 Axes
 + Level 6.4 Armour
 + Level 6.4 Shields


You had 7 spell levels left.
You didn't know any spells.

Dungeon Overview and Level Annotations

Branches:
Dungeon (5/15)
 Temple: D:4-7

Altars:
Ashenzari
Dithmenos
Fedhas
Gozag
Hepliaklqana
Qazlal
Trog
Yredelemnul
Zin


Innate Abilities, Weirdness & Mutations

You reflexively headbutt those who attack you in melee.
You have a pair of horns on your head.
Your life essence is reduced to manifest your ancestor. (-10% HP)


Message History

You hit the ogre but do no damage. Your headbutt misses the ogre.
The ogre is moderately wounded.
The ogre hits you with a giant spiked club!!
You are too injured to fight recklessly!
You swap places.
Valerie hits the ogre.
As you read the scroll of identify, it crumbles to dust.
y - an uncursed amulet of the acrobat The ogre hits Valerie with a giant spiked club!
Valerie hits the ogre!
Put on which piece of jewellery? (? for menu, Esc to quit)
Your injuries prevent the amulet from attuning itself.
y - an amulet of the acrobat (around neck)
The ogre hits Valerie with a giant spiked club!!
Valerie is destroyed!
You are too injured to fight recklessly!
You are too injured to fight recklessly!
You barely miss the ogre.
The ogre is severely wounded.
The ogre hits you with a giant spiked club!!
You die...

#.# #. #.# #. #####.#
.. #...#.#
#.###.#.#.##########
#.#....>............
#.#.#.#.##......#...
#h#.#.#.##......#.##
#.O@....##......#.##
#.....###.............
####### ####......#.##
######<..## .......
......... .........
......... ..........


You could see an ogre and a howler monkey.

Vanquished Creatures
  A phantom (D:5)
  An ice beast (D:5)
  3 ogres
  4 big kobolds (Sewer)
  A scorpion (D:4)
  A bullfrog skeleton (D:4)
  4 hounds
  3 orc wizards (D:4)
  Ijyb (D:3)
  A worker ant (D:4)
  A howler monkey skeleton (D:5)
  8 adders
  4 river rats (Sewer)
  6 oozes
  4 dart slugs
  4 leopard geckos
  10 orcs
  3 giant cockroaches
  7 goblins
  6 hobgoblins
  7 jackals (D:4)
  8 kobolds
  A quokka (D:4)
  7 ball pythons
  10 bats
  3 frilled lizards
  A quokka skeleton (D:4)
  10 rats
120 creatures vanquished.

Vanquished Creatures (others)
  3 ancestors (D:5)
3 creatures vanquished.

Grand Total: 123 creatures vanquished

Notes
Turn   | Place    | Note
-------+----------+-------------------------------------------
     0 | D:1      | RoseArtemis the Minotaur Fighter began the quest for the Orb.
     0 | D:1      | Reached XP level 1. HP: 19/19 MP: 0/0
   387 | D:1      | Reached XP level 2. HP: 27/27 MP: 1/1
   453 | D:1      | Reached skill level 3 in Axes
   848 | D:1      | Reached XP level 3. HP: 33/33 MP: 2/2
  1706 | D:2      | Reached XP level 4. HP: 21/40 MP: 3/3
  1936 | D:3      | Noticed Ijyb
  1960 | D:3      | Killed Ijyb
  1960 | D:3      | Reached skill level 4 in Axes
  1973 | D:3      | Found a glowing drain.
  1977 | Sewer    | Entered a sewer
  2212 | Sewer    | Noticed a big kobold
  2222 | Sewer    | Reached XP level 5. HP: 27/47 MP: 4/4
  2454 | Sewer    | Reached skill level 5 in Axes
  2454 | Sewer    | Reached XP level 6. HP: 49/55 MP: 5/5
  2805 | Sewer    | Reached skill level 5 in Fighting
  2805 | Sewer    | Reached skill level 5 in Armour
  2805 | Sewer    | Reached skill level 5 in Shields
  3244 | D:3      | Reached skill level 6 in Axes
  3792 | D:4      | Reached XP level 7. HP: 57/61 MP: 6/6
  4185 | D:4      | Found a basalt altar of Yredelemnul.
  4185 | D:4      | Found a stormy altar of Qazlal.
  4185 | D:4      | Found a blossoming altar of Fedhas.
  4185 | D:4      | Found a hazy altar of Hepliaklqana.
  4200 | D:4      | Reached skill level 7 in Axes
  4213 | D:4      | Found a bloodstained altar of Trog.
  4213 | D:4      | Found an opulent altar of Gozag.
  4275 | D:4      | Found a shattered altar of Ashenzari.
  4409 | D:4      | Found a glowing silver altar of Zin.
  4447 | D:4      | Became a worshipper of Hepliaklqana the Forgotten
  4463 | D:5      | Entered Level 5 of the Dungeon
  4622 | D:5      | Found a shadowy altar of Dithmenos.
  4636 | D:5      | Reached XP level 8. HP: 36/63 MP: 7/7
  5068 | D:5      | Reached skill level 8 in Axes
  5361 | D:5      | Slain by an ogre

Vault maps used:
D:1:      nagdon_arrival_double_spiral
D:2:      grunt_decor_one_mirror
D:3:      gup_sewer_entry_bowl, serial_glass, glass_columns_c, glass_columns_c,
          glass_columns_b, glass_columns_a, uniq_ijyb
D:4:      kennysheep_little_box, zin_statuary, minmay_overflow_temple_hex
D:5:      first_ration, nicolae_dithmenos_shadow_blocks
Sewer:    sewer_co_tree

Skill      XL: |  1  2  3  4  5  6  7  8 |
---------------+-------------------------+-----
Axes           | 3 4 5 6 7 8 |  8.0
Fighting       | 4 5 6 |  6.4
Armour         | 4 5 6 |  6.4
Shields        | 4 5 6 |  6.4

Action                   |  1- 3 |  4- 6 |  7- 9 || total
-------------------------+-------+-------+-------++-------
Melee: War axe           |    95 |   217 |    93 ||   405
       Headbutt          |    11 |    23 |    14 ||    48
Throw: Throwing net      |       |     1 |       ||     1
Invok: Ancestor Identity |       |       |     1 ||     1
  Use: Scroll            |     3 |     4 |     1 ||     8
       Potion            |       |     2 |     3 ||     5
  Eat: Chunk             |     3 |     7 |     5 ||    15
Armor: Scale mail        |    33 |    81 |    39 ||   153
Dodge: Dodged            |    41 |    54 |    33 ||   128
Block: Shield            |    45 |    93 |    46 ||   184

Table legend:
 A = Spawn XP
 B = Non-spawn XP
 C = Spawn XP percentage of total XP
 D = Spawn monster count
 E = Non-spawn monster count
 F = Spawn count percentage of total count
 G = Total turns spent on level
                    A         B        C        D         E        F      G
               +---------+---------+-------+---------+---------+-------+---------
         Total |       0 |    1807 |   0.0 |       0 |     120 |   0.0 |  5361
               +---------+---------+-------+---------+---------+-------+---------
           D:1 |       0 |      45 |   0.0 |       0 |      20 |   0.0 |   991
           D:2 |       0 |      32 |   0.0 |       0 |      13 |   0.0 |   766
           D:3 |       0 |      96 |   0.0 |       0 |      22 |   0.0 |   840
           D:4 |       0 |     539 |   0.0 |       0 |      29 |   0.0 |   676
           D:5 |       0 |     542 |   0.0 |       0 |       8 |   0.0 |   898
         Sewer |       0 |     553 |   0.0 |       0 |      28 |   0.0 |  1190
               +---------+---------+-------+---------+---------+-------+---------
